 Seeded DCSS version 0.30-a0-743-gbfdf073431 (webtiles) character file.

Game seed: 5430720872467839093 (custom seed)

3949 hbarley the Cleaver (level 10, -9/91 HPs)
             Began as a Hill Orc Fighter on Feb 6, 2023.
             Was a Believer of Uskayaw.
             Mangled by Joseph
             ... wielding a +6 heavy quarterstaff
              (19 damage)
             ... on level 8 of the Dungeon.
             The game lasted 00:19:37 (6264 turns).

hbarley the Cleaver (Hill Orc Fighter)              Turns: 6264, Time: 00:19:37

Health: -9/91      AC: 13    Str: 30    XL:     10   Next: 21%
Magic:  10/10      EV: 10    Int:  8    God:    Uskayaw [**....]
Gold:   245        SH:  7    Dex: 28    Spells: 9/9 levels left

rFire   + . .      SeeInvis +    s - +5 broad axe "Loybb" {elec, rPois Dex+3 SInv}
rCold   . . .      Faith    .    Q - +0 buckler {rC+ rF+}
rNeg    . . .      Spirit   .    N - +0 chain mail
rPois   +          Reflect  .    (no helmet)
rElec   .          Harm     .    (no cloak)
rCorr   .          Rampage  .    (no gloves)
Will    .....                    u - +1 pair of boots of the Land of Plenty {Dex+4}
Stlth   +                        t - amulet of Agialime {Acrobat rC- Str+2 Dex+9 Stlth+}
HPRegen 0.35/turn                m - +6 ring of strength
MPRegen 0.12/turn                (no ring)

@: studying 2 skills
A: no striking features
a: Renounce Religion, Stomp, Line Pass


You were on level 8 of the Dungeon.
You worshipped Uskayaw.
Uskayaw was noncommittal.
You visited 2 branches of the dungeon, and saw 9 of its levels.

You collected 301 gold pieces.
You spent 56 gold pieces at shops.

Inventory:

Hand Weapons
 a - a +0 war axe
 s - the +5 broad axe "Loybb" (weapon) {elec, rPois Dex+3 SInv}
   (You acquired it on level 2 of the Dungeon)

   Dex:       It affects your dexterity (+3).
   rPois:     It protects you from poison.
   SInv:      It lets you see invisible.
Missiles
 y - a throwing net (quivered)
 C - 5 poisoned darts
Armour
 u - the +1 pair of boots of the Land of Plenty (worn) {Dex+4}
   (You acquired it on level 2 of the Dungeon)

   Dex:       It affects your dexterity (+4).
 N - a +0 chain mail (worn)
 Q - a +0 buckler of resistance (worn)
Jewellery
 m - a +6 ring of strength (left hand)
 q - a ring of protection from cold
 t - the amulet of Agialime (around neck) {Acrobat rC- Str+2 Dex+9 Stlth+}
   (You acquired it on level 2 of the Dungeon)

   [amulet of the acrobat]

   It increases your evasion while moving and waiting.
   Str:       It affects your strength (+2).
   Dex:       It affects your dexterity (+9).
   rC:        It makes you vulnerable to cold.
   Stlth:     It makes you more stealthy.
 G - a ring of positive energy
 R - a ring of protection from fire
 S - a +4 ring of slaying
 W - a +6 ring of intelligence
Wands
 v - a wand of mindburst (19)
 E - a wand of roots (5)
 M - a wand of quicksilver (1)
 O - a wand of flame (12)
 V - a wand of polymorph (16)
Scrolls
 b - a scroll of fear {unknown}
 f - 3 scrolls of teleportation {unknown}
 h - 3 scrolls of amnesia {unknown}
 j - 2 scrolls of torment {unknown}
 k - 7 scrolls of identify
 l - 4 scrolls of noise {unknown}
 n - a scroll of brand weapon {unknown}
 o - a scroll of fog {unknown}
 p - 2 scrolls of immolation {unknown}
 r - 4 scrolls of enchant armour {unknown}
 A - a scroll of silence {unknown}
 B - a scroll of poison {unknown}
 F - a scroll of butterflies {unknown}
 H - 2 scrolls of blinking {unknown}
 J - 2 scrolls of magic mapping {unknown}
 P - 2 scrolls of enchant weapon {unknown}
Potions
 c - a potion of invisibility {unknown}
 d - a potion of might
 e - a potion of mutation {unknown}
 g - 3 potions of attraction {unknown}
 i - 8 potions of curing {unknown}
 w - a potion of ambrosia {unknown}
 x - 2 potions of lignification {unknown}
 z - 3 potions of degeneration {unknown}
 D - 4 potions of berserk rage {unknown}
 I - a potion of brilliance {unknown}
 K - a potion of magic {unknown}
 L - 2 potions of resistance {unknown}
 T - a potion of heal wounds {unknown}
 U - a potion of flight {unknown}


   Skills:
 + Level 9.1 Fighting
 + Level 13.5 Axes
 + Level 9.1 Armour
 + Level 1.9 Dodging
 + Level 3.5 Stealth
 + Level 5.4 Shields
 + Level 1.0 Evocations


You had 9 spell levels left.
You didn't know any spells.
Your spell library contained the following spells:

 Spells                   Type           Power      Damage    Failure   Level
 Slow                     Hex            0%         N/A       92%         1
 Blink                    Tloc           0%         N/A       98%         2
 Static Discharge         Conj/Air       0%         2-2/arc   98%         2
 Confusing Touch          Hex            0%         N/A       100%        3
 Inner Flame              Hex/Fire       0%         N/A       100%        3
 Vampiric Draining        Necr           0%         2d6       100%        3
 Vhi's Electric Charge    Tloc/Air       0%         N/A       100%        3
 Flame Wave               Conj/Fire      0%         2d4       100%        4
 Manifold Assault         Tloc           0%         N/A       100%        4
 Sticky Flame             Conj/Fire      0%         2d3       100%        4
 Arcjolt                  Conj/Air       0%         1d10      100%        5
 Lightning Bolt           Conj/Air       0%         1d11      100%        5
 Storm Form               Tmut/Air       0%         N/A       100%        7


Dungeon Overview and Level Annotations

Branches:
Dungeon (8/15)             Temple (1/1) D:4
   Lair: D:8-11

Altars:
Ashenzari
Cheibriados
Dithmenos
Elyvilon
Fedhas
Gozag
Hepliaklqana
Kikubaaqudgha
Makhleb
Okawaru
Uskayaw
Vehumet
Xom
Zin
The Shining One

Shops:
D:2 ?

Annotations:
D:4 1 runed translucent door, NinjaNoafa's ghost, novice MeCj
D:8 Joseph


Message History

The bullfrog is lightly wounded.
The bullfrog hits you but does no damage. x2
Joseph zaps a wand.
You suddenly lose the ability to move!
The bullfrog hits you but does no damage.
Joseph unwields a +6 heavy quarterstaff.
Joseph wields a +0 sling.
Joseph shoots a sling bullet.
The sling bullet hits you. The bullfrog hits you. x2
You can move again.
You slash the bullfrog!
The bullfrog is severely wounded.
Joseph shoots a sling bullet.
The sling bullet hits you! The bullfrog closely misses you.
You can now pass through a line of other dancers.
You slice the bullfrog!!
You kill the bullfrog!
Joseph shoots a sling bullet.
You block the sling bullet.
Your Fighting skill increases to level 9!
Joseph zaps a wand.
You easily resist.
Joseph shoots a sling bullet.
The sling bullet closely misses you.
Joseph shoots a sling bullet.
The sling bullet completely misses you.
Joseph zaps a wand.
You suddenly lose the ability to move!
The now-empty wand crumbles to dust.
Joseph unwields a +0 sling.
Joseph wields a +6 heavy quarterstaff.
Joseph hits you with a +6 heavy quarterstaff!
Joseph hits you with a +6 heavy quarterstaff!
You can no longer pass through a line of other dancers.
Joseph hits you with a +6 heavy quarterstaff!!
You can move again.
You slice Joseph!! Lightning courses through Joseph!
Joseph is heavily wounded.
Joseph hits you with a +6 heavy quarterstaff!!
* * * LOW HITPOINT WARNING * * *
You can now pass through a line of other dancers.
You slice Joseph!!
Joseph is almost dead.
You hit Joseph but do no damage.
Joseph is almost dead.
Joseph hits you with a +6 heavy quarterstaff!!
You die...

.# .# .# .# .# #
#######.###.#.
#.##......@......
#.#...$..@#
#.........####. ###
###.#.............
...
............####.#..#
#.# #..#..)....#
.#..# #.# #.......+
.....# #.# #.......#
#.#..# #.# ##..#####
#.#..# #.# .#.###..#
#.#..# #.###


You could see Joseph.

Vanquished Creatures
  2 two-headed ogres
  An acid dragon (D:6)
  2 water moccasins (D:6)
  Duvessa (D:5)
  2 ice beasts
  A sky beast (D:7)
  A centaur (D:7)
  An ogre (D:7)
  Blork the orc (D:4)
  3 bullfrogs
  2 gnoll sergeants
  3 scorpions
  4 necrophages
  Dowan (D:5)
  A wight (D:6)
  A crimson imp (D:7)
  A gnoll bouda (D:6)
  3 orc priests
  4 hounds
  A jelly (D:6)
  3 iguanas
  8 orc wizards
  19 gnolls
  10 adders
  A shadow imp (D:6)
  5 white imps
  An ufetubus (D:5)
  3 worms (D:4)
  A dart slug (D:4)
  22 orcs
  3 bats
  8 endoplasms
  3 giant cockroaches
  7 hobgoblins
  7 jackals
  6 kobolds
  5 quokkas
  8 ball pythons
  2 frilled lizards
  4 goblins
  3 rats
165 creatures vanquished.

Notes
Turn   | Place    | Note
-------+----------+-------------------------------------------
     0 | D:1      | hbarley the Hill Orc Fighter began the quest for the Orb.
     0 | D:1      | Reached XP level 1. HP: 19/19 MP: 1/1
    70 | D:1      | Reached XP level 2. HP: 23/27 MP: 2/2
   547 | D:1      | Reached skill level 3 in Axes
   871 | D:1      | Reached XP level 3. HP: 32/33 MP: 3/3
  1086 | D:2      | Found Doddoiw's Magic Scroll Shoppe.
  1182 | D:2      | Noticed a necrophage
  1189 | D:2      | Killed a necrophage
  1190 | D:2      | Reached skill level 4 in Axes
  1190 | D:2      | Reached XP level 4. HP: 24/40 MP: 4/4
  1367 | D:2      | Reached XP level 5. HP: 41/46 MP: 5/5
  1810 | D:2      | Bought a scroll of identify for 28 gold pieces
  1810 | D:2      | Bought a scroll of identify for 28 gold pieces
  1810 | D:2      | Identified 4 scrolls of acquirement
  1810 | D:2      | Acquired the amulet of Agialime {Acrobat rC- Str+2 Dex+9
                  | Stlth+}
  1811 | D:2      | Acquired a manual of Armour
  1818 | D:2      | Acquired the +1 pair of boots of the Land of Plenty {Dex+4}
  1825 | D:2      | Acquired the +5 broad axe "Loybb" {elec, rPois Dex+3 SInv}
  1863 | D:3      | Reached skill level 5 in Axes
  1871 | D:3      | Identified the +3 short sword of the Manifold Quests
                  | {flame, rElec Int+5}
  1980 | D:3      | Reached skill level 1 in Dodging
  1982 | D:3      | Reached XP level 6. HP: 37/53 MP: 6/6
  1993 | D:3      | Reached skill level 6 in Axes
  2085 | D:3      | Found an iron altar of Okawaru.
  2227 | D:3      | Found a faded altar of an unknown god.
  2411 | D:3      | Identified the +2 robe of Binutifa {rPois Dex+5}
  2759 | D:4      | Found a runed translucent door.
  2760 | D:4      | Found a staircase to the Ecumenical Temple.
  2770 | Temple   | Entered the Ecumenical Temple
  2845 | Temple   | Became a worshipper of Uskayaw the Reveller
  2896 | D:4      | Noticed NinjaNoafa's ghost (novice MeCj)
  2927 | D:4      | Reached * piety under Uskayaw
  2972 | D:4      | Reached ** piety under Uskayaw
  2983 | D:4      | Reached skill level 5 in Armour
  2983 | D:4      | Reached XP level 7. HP: 60/60 MP: 7/7
  3041 | D:4      | Noticed Blork the orc
  3049 | D:4      | Killed Blork the orc
  3050 | D:4      | Reached skill level 7 in Axes
  3050 | D:4      | Reached skill level 1 in Stealth
  3500 | D:5      | Entered Level 5 of the Dungeon
  3501 | D:5      | Noticed a two-headed ogre
  3508 | D:5      | Killed a two-headed ogre
  3508 | D:5      | Reached *** piety under Uskayaw
  3509 | D:5      | Reached skill level 9 in Axes
  3509 | D:5      | Reached XP level 8. HP: 28/70 MP: 8/8
  3511 | D:5      | Reached **** piety under Uskayaw
  3514 | D:5      | Reached ***** piety under Uskayaw
  3562 | D:5      | Reached skill level 10 in Axes
  3999 | D:5      | Noticed Dowan
  4000 | D:5      | Noticed Duvessa
  4006 | D:5      | Killed Dowan
  4011 | D:5      | Killed Duvessa
  4526 | D:6      | Reached skill level 11 in Axes
  4526 | D:6      | Reached XP level 9. HP: 76/78 MP: 9/9
  4638 | D:6      | Noticed a two-headed ogre
  4641 | D:6      | Killed a two-headed ogre
  4642 | D:6      | Reached skill level 12 in Axes
  4642 | D:6      | Reached skill level 1 in Evocations
  4663 | D:6      | Reached skill level 5 in Shields
  4768 | D:6      | Found an opulent altar of Gozag.
  4783 | D:6      | Found a broken altar of Ashenzari.
  4862 | D:6      | Found a white marble altar of Elyvilon.
  4862 | D:6      | Found an ancient bone altar of Kikubaaqudgha.
  4866 | D:6      | Found a blossoming altar of Fedhas.
  4866 | D:6      | Found a burning altar of Makhleb.
  5358 | D:6      | Reached skill level 13 in Axes
  5514 | D:7      | Reached XP level 10. HP: 77/89 MP: 10/10
  6247 | D:8      | Noticed Joseph
  6249 | D:8      | Paralysed by Joseph for 3 turns
  6257 | D:8      | Paralysed by Joseph for 5 turns
  6264 | D:8      | Mangled by Joseph

Illustrated notes

Levels and vault maps discovered:
D:1:      dpeg_arrival_boxes_within_box, layout_basic
D:2:      layout_loops_ring, serial_shops, shop, nicolae_kite_square_tiling_tiny
D:3:      layout_rooms, okawaru_metal_pillars_3, ebering_ecumenical_altar_rust
D:4:      layout_basic, minmay_temple_entry_overgrown, ebering_ghost_sewer_d,
          minmay_manual_monstrance, uniq_blork_the_orc
D:5:      layout_basic, uniq_duvessa
D:6:      layout_gridville, mainiacjoe_overflow_tiny_flanked,
          grunt_temple_overflow_open, cheibrodos_ashenzari_chains, minivault_5,
          minmay_pentangle
D:7:      layout_cave_pools, minmay_fire_ice_demons
D:8:      layout_basic, trog_wizard, chequers_serial_rivers_marsh, uniq_psyche,
          uniq_joseph
Temple:   oiseaux_autumnal_temple

Skill      XL: |  1  2  3  4  5  6  7  8  9 10 |
---------------+-------------------------------+-----
Axes           | 3 4 5 6 9 11 13 | 13.5
Fighting       | 4 6 8 9 |  9.1
Armour         | 4 5 6 8 9 |  9.1
Dodging        | 1 |  1.9
Shields        | 4 5 |  5.4
Stealth        | 2 3 |  3.5
Evocations     | 1 |  1.0

Action                     |  1- 3 |  4- 6 |  7- 9 | 10-12 || total
---------------------------+-------+-------+-------+-------++-------
  Melee: War axe           |    50 |    28 |       |       ||    78
         Broad axe         |       |    61 |   103 |    31 ||   195
  Evoke: Wand              |       |       |     3 |       ||     3
    Use: Scroll            |       |     4 |       |       ||     4
   Stab: Sleeping          |       |     4 |     3 |       ||     7
         Paralysed         |       |       |     4 |     4 ||     8
         Distracted        |       |       |     1 |       ||     1
 Armour: Scale mail        |    14 |    25 |    10 |       ||    49
         Chain mail        |       |       |     7 |    11 ||    18
  Dodge: Dodged            |    24 |    46 |    54 |    25 ||   149
  Block: Buckler           |    14 |    28 |    26 |    14 ||    82

Table legend: (Time is in decaauts)
 A = Elapsed time spent in this place.
 B = Non-inter-level travel time spent in this place.
 C = Inter-level travel time spent in this place.
 D = Time resting spent in this place.
 E = Time spent auto-exploring this place.
 F = Levels seen in this place.
 G = Mean time per level.
                   A        B        C        D        E       F      G
               +--------+--------+--------+--------+--------+-----+--------+
         Total |   6322 |   5775 |    547 |    118 |   4703 |   9 |  702.4 |
       Dungeon |   6215 |   5705 |    510 |    118 |   4641 |   8 |  776.9 |
        Temple |    107 |     70 |     37 |      0 |     62 |   1 |  107.0 |
               +--------+--------+--------+--------+--------+-----+--------+

Top non-repeatable levels by time:
     D:6: 1043 daAuts
     D:1: 1040 daAuts
     D:5: 969 daAuts
     D:4: 943 daAuts
     D:2: 843 daAuts
     D:7: 670 daAuts
     D:3: 618 daAuts
  Temple: 107 daAuts
     D:8: 85 daAuts
